 Dungeon Sprint DCSS version 0.29-a0-577-gafbf2c5d25 (webtiles) character file.

Game seed: 6787749759110030896

2998 mhtbhm the Grappler (level 9, -4/152 HPs)
             Began as an Ogre Transmuter on June 13, 2022.
             Was an Initiate of Gozag.
             Slain by a cyan ugly thing (12 damage)
             ... in the Dungeon (Sprint IX: "|||||||||||||||||||||||||||||").
             The game lasted 00:01:26 (834 turns).

mhtbhm the Grappler (Ogre Transmuter)                Turns: 834, Time: 00:01:27

Health: -4/152     AC:  8    Str: 20    XL:     9   Next: 84%
Magic:  22/24      EV: 13    Int: 14    God:    Gozag
Gold:   819        SH:  0    Dex:  9    Spells: 20/30 levels left

rFire   x . .      SeeInvis .     - Unarmed
rCold   + + +      Faith    .   (shield currently unavailable)
rNeg    . . .      Spirit   .   (body armour currently unavailable)
rPois   +          Reflect  .   (helmet currently unavailable)
rElec   .          Harm     .   (cloak currently unavailable)
rCorr   .          Rampage  .   (gloves unavailable)
Will    .....      NoTele   +   (boots unavailable)
Stlth   ..........              (no amulet)
HPRegen 0.35/turn               k - +2 ring of protection
MPRegen 0.19/turn               l - +2 ring of evasion

@: berserking, ice-form (expiring), gold aura, hasted, very quick
A: freezing attack, amphibious, boosted hp, large, unfitting armour, (tough skin
1)
a: End Transformation, Renounce Religion, Potion Petition, Call Merchant, Bribe
Branch


You were in the Dungeon.
You worshipped Gozag.
Gozag was pleased with you.
You were a creature of crystalline ice.
You visited 1 branch You collected 819 gold pieces.

Inventory:

Armour
 a - a +0 robe (melded)
Jewellery
 k - a +2 ring of protection (left front paw)
 l - a +2 ring of evasion (right front paw)
Wands
 j - a wand of iceblast (9)
Scrolls
 h - 2 scrolls of blinking
 i - 2 scrolls of amnesia
Potions
 b - a potion of invisibility
 c - 5 potions of curing
 f - 4 potions of magic


   Skills:
 + Level 4.7 Fighting
 + Level 7.1 Dodging
 + Level 2.5 Stealth
 + Level 14.8 Unarmed Combat
 + Level 11.0 Spellcasting
 + Level 7.3 Transmutations
 + Level 2.2 Ice Magic


You had 20 spell levels left.
You knew the following spells:

 Your Spells              Type           Power      Damage    Failure   Level
a - Beastly Appendage     Tmut           56%        N/A       1%          1
b - Wereblood             Tmut           28%        N/A       1%          2
c - Spider Form           Tmut/Pois      17%        N/A       6%          3
d - Ice Form              Ice/Tmut       21%        N/A       13%         4

Your spell library contained the following spells:

 Spells                   Type           Power      Damage    Failure   Level


Dungeon Overview and Level Annotations

Branches:
Dungeon (1/1)

Altars:
Cheibriados
Dithmenos
Elyvilon
Fedhas
Gozag
Hepliaklqana
Kikubaaqudgha
Makhleb
Nemelex Xobeh
Okawaru
Qazlal
Ru
Sif Muna
Trog
Uskayaw
Vehumet
Wu Jian
Xom
Yredelemnul
Zin
The Shining One
Beogh
Jiyva
Lugonu


Innate Abilities, Weirdness & Mutations

You are a creature of crystalline ice.
You have a powerful freezing melee attack.
You are amphibious.
Your maximum health is increased.
Your armour is entirely melded.
You are incapable of wielding weapons or throwing items.
You are too large for most types of armour.
((You have tough skin. (AC +1)))


Message History

* * * LOW HITPOINT WARNING * * *
You barely miss the centaur warrior.
The centaur warrior is severely wounded.
The cyan ugly thing gurgles horribly!
The vampire is no longer distracted by gold.
The centaur warrior hits you but does no damage.
The centaur warrior kicks you but does no damage.
The vampire is distracted by your dazzling golden aura.
You feel yourself speed up. The centaur warrior hits you.
* * * LOW HITPOINT WARNING * * *
The centaur warrior completely misses you.
A red film seems to cover your vision as you go berserk!
You feel yourself moving faster!
You feel mighty! The centaur warrior closely misses you.
The centaur warrior kicks you but does no damage.
You pummel the centaur warrior!! You freeze the centaur warrior.
You kill the centaur warrior!
Your Dodging skill increases to level 7!
Your Spellcasting skill increases to level 11!
Your Ice Magic skill increases to level 2!
Things that are here:
252 gold pieces; a +0 shortbow You hit the cyan ugly thing.
You freeze the cyan ugly thing.
The cyan ugly thing is no longer distracted by gold.
The cyan ugly thing is lightly wounded.
The cyan ugly thing trunk-slaps you!
* * * LOW HITPOINT WARNING * * *
The cyan ugly thing shocks you!
* * * LOW HITPOINT WARNING * * *
You punch the cyan ugly thing! You freeze the cyan ugly thing.
The cyan ugly thing is moderately wounded.
The vampire is no longer distracted by gold.
Unknown command.
You punch the cyan ugly thing! You freeze the cyan ugly thing.
The cyan ugly thing is heavily wounded.
The cyan ugly thing trunk-slaps you!
* * * LOW HITPOINT WARNING * * *
The cyan ugly thing shocks you!
You die...
Your body crumbles into a pile of gold. ▓▓▓▓▓▓▓▓▓▓▓▓▓▓▓▓▓▓▓▓▓▓▓ +...VuY$.....[').[[[.). ▓▓▓▓▓▓▓▓▓▓▓▓▓▓▓▓▓▓▓▓▓▓▓ $ $$$$$ $ $ $ $$$

You could see a cyan ugly thing and a vampire.

Vanquished Creatures
  A boulder beetle (D)
  A centaur warrior (D)
  A two-headed ogre (D)
  A troll (D)
  A wyvern (D)
  2 yaks (D)
  A vampire mosquito (D)
  An acid dragon (D)
  An orc warrior (D)
  A black bear (D)
  A necrophage (D)
  A scorpion (D)
  A hound (D)
  An orc priest (D)
  An endoplasm (D)
  A goblin (D)
  A jackal (D)
  A frilled lizard (D)
  A rat (D)
20 creatures vanquished.

Notes
Turn   | Place    | Note
-------+----------+-------------------------------------------
     0 | D        | mhtbhm the Ogre Transmuter began the quest for the Orb.
     0 | D        | Reached XP level 1. HP: 19/19 MP: 3/3
    11 | D        | Reached skill level 3 in Unarmed Combat
   238 | D        | Noticed a necrophage
   238 | D        | Noticed a scorpion
   238 | D        | Noticed a hound
   238 | D        | Noticed an orc priest
   238 | D        | Noticed a black bear
   242 | D        | Killed a black bear
   243 | D        | Reached skill level 6 in Unarmed Combat
   243 | D        | Reached XP level 2. HP: 28/28 MP: 3/7
   243 | D        | Reached XP level 3. HP: 35/35 MP: 3/9
   243 | D        | Reached XP level 4. HP: 42/42 MP: 3/10
   246 | D        | Reached skill level 7 in Unarmed Combat
   246 | D        | Reached skill level 5 in Spellcasting
   246 | D        | Reached XP level 5. HP: 49/49 MP: 3/12
   254 | D        | Reached skill level 8 in Unarmed Combat
   256 | D        | Reached skill level 9 in Unarmed Combat
   256 | D        | Reached XP level 6. HP: 57/57 MP: 4/15
   434 | D        | Found a snail-covered altar of Cheibriados.
   434 | D        | Found a shadowy altar of Dithmenos.
   434 | D        | Found a white marble altar of Elyvilon.
   434 | D        | Found a blossoming altar of Fedhas.
   434 | D        | Found an opulent altar of Gozag.
   435 | D        | Found a hazy altar of Hepliaklqana.
   436 | D        | Found a viscous altar of Jiyva.
   437 | D        | Found an ancient bone altar of Kikubaaqudgha.
   438 | D        | Found a corrupted altar of Lugonu.
   439 | D        | Found a burning altar of Makhleb.
   440 | D        | Found a sparkling altar of Nemelex Xobeh.
   441 | D        | Found an iron altar of Okawaru.
   442 | D        | Became a worshipper of Gozag Ym Sagoz the Greedy
   443 | D        | Found a stormy altar of Qazlal.
   444 | D        | Found a sacrificial altar of Ru.
   445 | D        | Found a shimmering blue altar of Sif Muna.
   446 | D        | Found a bloodstained altar of Trog.
   447 | D        | Found a hide-covered altar of Uskayaw.
   448 | D        | Found a radiant altar of Vehumet.
   449 | D        | Found an ornate altar of the Wu Jian Council.
   450 | D        | Found a shimmering altar of Xom.
   451 | D        | Found a basalt altar of Yredelemnul.
   452 | D        | Found a glowing silver altar of Zin.
   453 | D        | Found a glowing golden altar of the Shining One.
   482 | D        | Learned a level 2 spell: Wereblood
   486 | D        | Learned a level 3 spell: Spider Form
   491 | D        | Learned a level 4 spell: Ice Form
   560 | D        | Noticed an acid dragon
   560 | D        | Noticed a yak
   560 | D        | Noticed a yak
   560 | D        | Noticed a two-headed ogre
   560 | D        | Noticed a wyvern
   560 | D        | Noticed an orc warrior
   564 | D        | Killed an orc warrior
   570 | D        | Killed a wyvern
   571 | D        | Reached skill level 5 in Dodging
   571 | D        | Reached skill level 10 in Unarmed Combat
   571 | D        | Reached skill level 5 in Transmutations
   571 | D        | Reached XP level 7. HP: 66/66 MP: 11/18
   573 | D        | Killed a two-headed ogre
   574 | D        | Reached skill level 12 in Unarmed Combat
   574 | D        | Reached XP level 8. HP: 41/75 MP: 13/21
   789 | D        | Killed a yak
   790 | D        | Reached skill level 1 in Stealth
   792 | D        | Killed a yak
   793 | D        | Reached skill level 1 in Ice Magic
   804 | D        | Noticed a cyan ugly thing
   804 | D        | Noticed a vampire
   804 | D        | Noticed a centaur warrior
   804 | D        | Noticed a troll
   804 | D        | Noticed a boulder beetle
   813 | D        | Killed a boulder beetle
   814 | D        | Reached skill level 13 in Unarmed Combat
   814 | D        | Reached skill level 10 in Spellcasting
   814 | D        | Reached XP level 9. HP: 43/84 MP: 19/23
   821 | D        | Killed a troll
   822 | D        | Reached skill level 14 in Unarmed Combat
   830 | D        | Killed a centaur warrior
   834 | D        | Slain by a cyan ugly thing

Illustrated notes

Levels and vault maps discovered:
D:        linesprint [early_d, line_temple, items_1, d_10, items_2, lair_1,
          lair_end, items_3, orc_1, orc_end, items_4, d_15, swamp_1, shoals_1,
          snake_1, spider_1, d_20, vaults_1, items_5, swamp_end, shoals_end,
          snake_end, spider_end, vaults_end, d_27, items_6, zot_1, zot_end,
          crypt_end, forest_end, elf_end, slime_end, tomb_end, abyss_end,
          pan_hell_end]

Skill      XL: |  1  2  3  4  5  6  7  8  9 |
---------------+----------------------------+-----
Unarmed Combat | 6 7 9 10 12 13 14 | 14.8
Dodging        | 3 4 5 6 7 |  7.1
Transmutations | 3 4 5 6 7 |  7.3
Spellcasting   | 4 5 6 7 9 10 11 | 11.0
Fighting       | 2 3 4 |  4.7
Stealth        | 1 2 |  2.5
Ice Magic      | 1 2 |  2.2

Action                   |  1- 3 |  4- 6 |  7- 9 || total
-------------------------+-------+-------+-------++-------
Melee: Unarmed           |    17 |    23 |    29 ||    69
       Kick              |     3 |       |       ||     3
       Headbutt          |     1 |       |       ||     1
       Punch             |       |     1 |       ||     1
 Cast: Beastly Appendage |     2 |       |       ||     2
       Ice Form          |       |     1 |     1 ||     2
       Wereblood         |       |     1 |     1 ||     2
Evoke: Wand              |       |       |     1 ||     1
  Use: Potion            |     1 |       |     5 ||     6
 Stab: Distracted        |       |       |     1 ||     1
Armor: Skin              |     6 |    10 |    11 ||    27
       Robe              |     3 |       |       ||     3
Dodge: Dodged            |     3 |     7 |    12 ||    22

Table legend: (Time is in decaauts)
 A = Elapsed time spent in this place.
 B = Non-inter-level travel time spent in this place.
 C = Inter-level travel time spent in this place.
 D = Time resting spent in this place.
 E = Time spent auto-exploring this place.
 F = Levels seen in this place.
 G = Mean time per level.
                   A        B        C        D        E       F      G
               +--------+--------+--------+--------+--------+-----+--------+
         Total |    820 |    820 |      0 |    654 |      3 |   1 |  820.0 |
       Dungeon |    820 |    820 |      0 |    654 |      3 |   1 |  820.0 |
               +--------+--------+--------+--------+--------+-----+--------+

Top non-repeatable levels by time:
       D: 820 daAuts
